 Dungeon Crawl Stone Soup version 0.31-a0-345-g1ebeae05c6 (webtiles) character file.

Game seed: 4597987196097562775

6 HallandMoats the Trooper (level 1, -1/18 HPs)
             Began as a Demonspawn Monk on July 22, 2023.
             Killed from afar by a dart slug (5 damage)
             ... with a slug dart
             ... on level 1 of the Dungeon.
             The game lasted 00:00:22 (66 turns).

HallandMoats the Trooper (Demonspawn Monk)            Turns: 66, Time: 00:00:23

Health: -1/18      AC:  3    Str: 11    XL:     1   Next: 75%
Magic:  1/1        EV: 12    Int: 11    God:
Gold:   0          SH:  0    Dex: 15    Spells: 0/0 levels left

rFire   . . .        a - +0 hand axe
rCold   . . .        d - orb {light}
rNeg    . . .        b - +0 robe
rPois   .            (no helmet)
rElec   .            (no cloak)
rCorr   .            (no gloves)
SInv    .            e - +0 pair of boots
Will    .....        (no amulet)
Stlth   +            (no ring)
HPRegen 0.23/turn    (no ring)
MPRegen 0.07/turn

%: no passive effects
@: glowing
A: no striking features
a: no special abilities


You were on level 1 of the Dungeon.
You visited 1 branch of the dungeon, and saw 1 of its levels.

Inventory:

Hand Weapons
 a - a +0 hand axe (weapon)
Armour
 b - a +0 robe (worn)
 d - an orb of light (worn)
 e - a +0 pair of boots (worn)
Potions
 c - a potion of ambrosia


   Skills:
 + Level 3.2 Fighting
 - Level 2.6 Axes
 - Level 2.6 Dodging
 + Level 1.2 Invocations


You couldn't memorise any spells.
You didn't know any spells.
Your spell library was empty.

Dungeon Overview and Level Annotations

Branches:
Dungeon (1/15)

Altars:


Message History

You kill the ball python!
HP restored.
A kobold comes into view. It is wielding a +0 club.
The kobold shouts!
A dart slug comes into view.
The kobold moves out of view.
A dart slug is nearby!
A dart slug is nearby!
A dart slug is nearby!
Found 12 gold pieces.
Found a scroll labelled ULY BOIZACAYPU.
The kobold hits you but does no damage. The dart slug launches a dart at you.
The slug dart hits you.
You hit the dart slug.
The dart slug is lightly wounded.
You hit the kobold but do no damage. The kobold barely misses you.
The dart slug launches a dart at you. The slug dart misses you.
You hit the dart slug.
The dart slug is moderately wounded.
You hit the kobold but do no damage. The kobold closely misses you.
The kobold hits you with a +0 club.
You hit the dart slug.
The dart slug is heavily wounded.
You barely miss the kobold. The dart slug launches a dart at you.
The slug dart hits you. The kobold hits you with a +0 club.
You hit the dart slug.
The dart slug is heavily wounded.
You barely miss the kobold. The kobold hits you with a +0 club.
The dart slug launches a dart at you. The slug dart misses you.
You completely miss the dart slug.
The dart slug is heavily wounded.
You hit the kobold but do no damage. The kobold hits you with a +0 club.
* * * LOW HITPOINT WARNING * * *
The dart slug launches a dart at you. The slug dart hits you.
You die...

#.#.# #..#.##. #.#..
#.#≈# #. #.##.###.≈# #<
. #######.##..##.#.###
..###...##..###...###..
................##..####
#.......#.#####.# ###
#......#####.#
##..@K...?....
#.w.#...###...
......###........
#........ +###+####
#........ #.$.$....#
#........# ##########


You could see a dart slug and a kobold.

Vanquished Creatures
  A worm (D:1)
  A ball python (D:1)
  A giant cockroach (D:1)
3 creatures vanquished.

Notes
Turn   | Place    | Note
-------+----------+-------------------------------------------
     0 | D:1      | HallandMoats the Demonspawn Monk began the quest for the
                  | Orb.
     0 | D:1      | Reached XP level 1. HP: 18/18 MP: 1/1
    50 | D:1      | Reached skill level 1 in Invocations
    66 | D:1      | Killed from afar by a dart slug

Illustrated notes

Levels and vault maps discovered:
D:1:      dpeg_arrival_brainrot, layout_rooms, serial_aquarium,
          aquarium_bridge_square [aquarium_subvault_bridge,
          aquarium_subvault_window, aquarium_subvault_wall,
          aquarium_subvault_wall], aquarium_window_fake, aquarium_window_fake,
          aquarium_window_1, aquarium_window_1, aquarium_view_2b,
          aquarium_pool_double

Skill      XL: |  1 |
---------------+----+-----
Invocations    | 1 |  1.2
Fighting       | |  3.2
Axes           | |  2.6
Dodging        | |  2.6

Action                     || total
---------------------------++-------
  Melee: Hand axe          ||    14
 Armour: Robe              ||     2
  Dodge: Dodged            ||    12

Table legend: (Time is in decaauts)
 A = Elapsed time spent in this place.
 B = Non-inter-level travel time spent in this place.
 C = Inter-level travel time spent in this place.
 D = Time resting spent in this place.
 E = Time spent auto-exploring this place.
 F = Levels seen in this place.
 G = Mean time per level.
                   A        B        C        D        E       F      G
               +--------+--------+--------+--------+--------+-----+--------+
         Total |     68 |     68 |      0 |      0 |     32 |   1 |   68.0 |
       Dungeon |     68 |     68 |      0 |      0 |     32 |   1 |   68.0 |
               +--------+--------+--------+--------+--------+-----+--------+

Top non-repeatable levels by time:
     D:1: 68 daAuts
